Tampa Bay Lightning vs Edmonton Oilers
Created - Tuesday, September 23, 2025 at 08:43
Goals
|
| Tampa Bay Lightning |
0 |
2 |
0 |
2 |
| Edmonton Oilers |
1 |
4 |
0 |
5 |
|
Shots
|
| Tampa Bay Lightning |
10 |
17 |
4 |
31 |
| Edmonton Oilers |
18 |
13 |
6 |
37 |
|
1st period
1. Edmonton Oilers , Boone Jenner 15 (Jake DeBrusk 20, Dawson Mercer 16) at 13:12
Penalties :
Jacob Trouba (EDM) for Tripping (Minor) at 0:42, Evan Bouchard (EDM) for Interference (Minor) at 14:35
2nd period
2. Edmonton Oilers , Brock Boeser 11 (Evan Bouchard 16, Adrian Kempe 22) at 2:48
3. Tampa Bay Lightning , Gustav Nyquist 3 (Trevor Moore 11, Roope Hintz 31) at 4:09
4. Edmonton Oilers , Adrian Kempe 21 (Evan Bouchard 17, Ryan McLeod 19) at 6:00
5. Edmonton Oilers , Tanner Jeannot 3 (Luke Hughes 6, Corey Perry 4) at 7:39
6. Edmonton Oilers , Brock Boeser 12 (Adrian Kempe 23, Jacob Trouba 15) at 12:38
7. Tampa Bay Lightning , Filip Forsberg 12 (Kirill Kaprizov 18, Claude Giroux 28) at 18:53 (PP)
Penalties :
Jamie Benn (TBL) for Hooking (Minor) at 12:54, David Savard (EDM) for Tripping (Minor) at 18:42, Darnell Nurse (TBL) for Delaying the game (Minor) at 19:11
3rd period
No Goal
Penalties :
Ben Chiarot (TBL) for Cross-checking (Minor) at 3:56, Drake Caggiula (EDM) for Interference (Minor) at 7:30, David Savard (EDM) for High sticking (Minor) at 18:36
Goalie Stats
Jeremy Swayman (TBL), 32 saves from 37 shots - (0.865), L, 10-3-1, 60:00 minutes
Juuse Saros (EDM), 29 saves from 31 shots - (0.935), W, 9-10-2, 60:00 minutes
Players Stats for Tampa Bay Lightning
Player Name G A P +/- PIM S H SB GA TA FO MP PP MP PK MP
------------------------------------------------------------------------------------
Anze Kopitar 0 0 0 -2 0 1 2 0 1 0 7/14 19:00 3:31 3:01
Ben Chiarot 0 0 0 -1 2 1 4 2 0 0 0/0 18:13 0:00 2:04
Claude Giroux 0 1 1 -2 0 4 1 0 2 1 9/16 19:31 3:49 2:56
Darnell Nurse 0 0 0 -2 2 1 0 1 0 0 0/0 22:04 3:34 2:51
Dmitry Orlov 0 0 0 -1 0 1 1 0 2 0 0/0 22:10 3:34 3:29
Dylan Cozens 0 0 0 0 0 1 3 0 0 0 0/1 12:27 0:00 0:00
Filip Forsberg 1 0 1 -2 0 4 2 1 0 0 0/1 16:23 3:51 0:00
Gustav Nyquist 1 0 1 0 0 3 0 1 0 0 0/0 8:53 0:00 0:00
Hampus Lindholm 0 0 0 -1 0 0 0 0 0 0 0/0 13:49 0:17 0:00
Jamie Benn 0 0 0 -2 2 2 0 0 0 0 0/1 12:38 0:00 0:00
Jason Dickinson 0 0 0 0 0 0 2 0 0 0 1/2 11:48 0:00 3:01
Jonathan Huberdeau 0 0 0 -2 0 3 1 0 0 0 0/0 12:43 0:11 0:00
Kirill Kaprizov 0 1 1 -2 0 1 2 1 0 0 0/0 16:35 3:51 0:00
Michael Matheson 0 0 0 -1 0 0 0 0 0 0 0/0 20:03 3:57 1:13
Moritz Seider 0 0 0 -2 0 2 1 5 0 0 0/0 23:40 3:40 2:17
Roope Hintz 0 1 1 0 0 6 1 0 3 1 8/13 16:07 3:40 0:00
Travis Konecny 0 0 0 0 0 1 1 0 0 0 0/1 16:16 3:40 0:08
Trevor Moore 0 1 1 0 0 0 0 0 0 0 0/0 11:40 0:00 2:48
Players Stats for Edmonton Oilers
Player Name G A P +/- PIM S H SB GA TA FO MP PP MP PK MP
------------------------------------------------------------------------------------
Adrian Kempe 1 2 3 3 0 8 2 0 1 0 2/3 19:07 2:34 3:48
Boone Jenner 1 0 1 1 0 2 1 0 0 0 2/10 15:23 3:23 0:00
Brandon Carlo 0 0 0 2 0 0 2 0 0 0 0/0 25:21 3:06 3:52
Brett Pesce 0 0 0 1 0 0 1 1 0 2 0/0 16:06 0:00 2:20
Brock Boeser 2 0 2 3 0 4 0 1 0 1 0/0 19:07 2:34 3:48
Corey Perry 0 1 1 0 0 2 0 0 0 0 1/1 10:14 0:00 0:05
David Perron 0 0 0 0 0 1 0 0 0 0 0/0 11:02 0:00 0:00
David Savard 0 0 0 1 4 2 1 0 0 0 0/0 20:08 2:51 2:56
Dawson Mercer 0 1 1 1 0 0 1 2 0 1 1/2 15:36 3:23 0:05
Drake Caggiula 0 0 0 0 2 1 0 1 0 0 0/0 10:36 0:00 0:00
Dylan Holloway 0 0 0 0 0 5 3 0 0 0 0/2 15:16 0:00 3:38
Evan Bouchard 0 2 2 1 2 1 1 0 0 0 0/0 19:23 2:51 2:25
Jacob Trouba 0 1 1 2 2 1 3 2 0 2 0/0 24:18 3:06 2:50
Jake DeBrusk 0 1 1 1 0 3 4 1 1 0 0/1 18:49 3:23 3:38
Luke Hughes 0 1 1 1 0 1 0 0 0 1 0/0 14:48 0:00 0:39
Morgan Barron 0 0 0 0 0 3 2 0 0 0 4/5 11:50 0:00 0:00
Ryan McLeod 0 1 1 3 0 1 0 0 0 1 12/23 15:19 2:34 0:00
Tanner Jeannot 1 0 1 0 0 2 0 0 0 0 2/2 10:01 0:00 0:00
3 Stars
1 - Adrian Kempe (EDM)
2 - Brock Boeser (EDM)
3 - Boone Jenner (EDM)
Power Play
Tampa Bay Lightning - 1 on 5 Attempt(s) - 20.00%
Edmonton Oilers - 0 on 3 Attempt(s) - 0.00%
Penalty Kill
Tampa Bay Lightning - 3 on 3 Attempt(s) - 100.00%
- Score 0 goal in Penalty Kill
Edmonton Oilers - 4 on 5 Attempt(s) - 80.00%
- Score 0 goal in Penalty Kill
Team Stat
Tampa Bay Lightning - Hits : 21 - Faceoff Wins : 25 - Blocked Shots : 11 - Penalty Minutes : 6
Edmonton Oilers - Hits : 21 - Faceoff Wins : 24 - Blocked Shots : 8 - Penalty Minutes : 10
Official
Referees : Reid Anderson and Brandon Blandina
Linesman : Mitchell Hunt and Brandon Gawryletz
Game Notes
No Game Note
Finance
Level 1 -- Attendance: 5875 (97.92%) -- Ticket Income $528,750
Level 2 -- Attendance: 4472 (89.44%) -- Ticket Income $223,600
Level 3 -- Attendance: 2938 (97.93%) -- Ticket Income $88,140
Level 4 -- Attendance: 5000 (100.00%) -- Ticket Income $100,000
Luxury Box -- Attendance: 977 (97.70%) -- Ticket Income $185,630
Game was played at the Rexall Place.
Total Attendance: 19262 (96.31%)
Total Ticket Income: $1,126,120
Other Income: $394,142
Total Income: $1,520,262
Tampa Bay Lightning
5 vs 5 Forward
Center Left Wing Right Wing Time % Phy DF OF
1 Roope Hintz Travis Konecny Dylan Cozens 30 1 2 2
2 Anze Kopitar Filip Forsberg Jonathan Huberdeau 30 1 2 2
3 Claude Giroux Jamie Benn Kirill Kaprizov 30 1 2 2
4 Jason Dickinson Trevor Moore Gustav Nyquist 10 1 2 2
5 vs 5 Defense
Defense Defense Time % Phy DF OF
1 Moritz Seider Darnell Nurse 35 1 2 2
2 Michael Matheson Ben Chiarot 35 1 2 2
3 Dmitry Orlov Hampus Lindholm 30 1 2 2
4 Moritz Seider Michael Matheson 0 1 2 2
PowerPlay Forward
Center Left Wing Right Wing Time % Phy DF OF
1 Claude Giroux Kirill Kaprizov Filip Forsberg 50 1 2 2
2 Anze Kopitar Travis Konecny Roope Hintz 50 1 2 2
PowerPlay Defense
Defense Defense Time % Phy DF OF
1 Michael Matheson Moritz Seider 50 1 2 2
2 Dmitry Orlov Darnell Nurse 50 1 2 2
Penalty Kill 4 Players Forward
Center Wing Time % Phy DF OF
1 Anze Kopitar Jason Dickinson 50 1 2 2
2 Claude Giroux Trevor Moore 50 1 2 2
Penalty Kill 4 Players Defense
Defense Defense Time % Phy DF OF
1 Darnell Nurse Ben Chiarot 50 1 2 2
2 Moritz Seider Dmitry Orlov 50 1 2 2
Penalty Kill - 3 Players Forward
Forward Time % Phy DF OF
1 Anze Kopitar 50 1 2 2
2 Claude Giroux 50 1 2 2
Penalty Kill - 3 Players Defense
Defense Defense Time % Phy DF OF
1 Darnell Nurse Ben Chiarot 50 1 2 2
2 Moritz Seider Michael Matheson 50 1 2 2
4 vs 4 Forward
Center Wing Time % Phy DF OF
1 Claude Giroux Travis Konecny 50 1 2 2
2 Anze Kopitar Filip Forsberg 50 1 2 2
4 vs 4 Defense
Defense Defense Time % Phy DF OF
1 Michael Matheson Ben Chiarot 50 1 2 2
2 Moritz Seider Darnell Nurse 50 1 2 2
Last Minutes Offensive
Center Left Wing Right Wing Defense Defense
Claude Giroux Kirill Kaprizov Filip Forsberg Michael Matheson Moritz Seider
Last Minutes Defensive
Center Left Wing Right Wing Defense Defense
Anze Kopitar Travis Konecny Jason Dickinson Michael Matheson Moritz Seider
Goaltenders
Starting : Jeremy Swayman
Backup : Darcy Kuemper
Extra Forwards
Normal : Anze Kopitar, Roope Hintz, Claude Giroux - PP : Jonathan Huberdeau, Trevor Moore - PK : Travis Konecny
Extra Defensemen
Normal : Ben Chiarot, Moritz Seider, Darnell Nurse - PP : Moritz Seider - PK : Darnell Nurse, Dmitry Orlov
Penalty Shots
Trevor Moore, Filip Forsberg, Kirill Kaprizov, Gustav Nyquist, Jonathan Huberdeau
Scratches
None
Edmonton Oilers
5 vs 5 Forward
Center Left Wing Right Wing Time % Phy DF OF
1 Ryan McLeod Adrian Kempe Brock Boeser 30 1 2 2
2 Boone Jenner Jake DeBrusk Dawson Mercer 30 1 2 2
3 Morgan Barron Dylan Holloway David Perron 25 1 2 2
4 Tanner Jeannot Drake Caggiula Corey Perry 15 1 2 2
5 vs 5 Defense
Defense Defense Time % Phy DF OF
1 Jacob Trouba Brandon Carlo 30 1 2 2
2 David Savard Evan Bouchard 30 1 2 2
3 Luke Hughes Brett Pesce 25 1 2 2
4 Jacob Trouba Brandon Carlo 15 1 2 2
PowerPlay Forward
Center Left Wing Right Wing Time % Phy DF OF
1 Ryan McLeod Adrian Kempe Brock Boeser 50 1 2 2
2 Boone Jenner Jake DeBrusk Dawson Mercer 50 1 2 2
PowerPlay Defense
Defense Defense Time % Phy DF OF
1 Jacob Trouba Brandon Carlo 50 1 2 2
2 David Savard Evan Bouchard 50 1 2 2
Penalty Kill 4 Players Forward
Center Wing Time % Phy DF OF
1 Adrian Kempe Brock Boeser 50 1 2 2
2 Jake DeBrusk Dylan Holloway 50 1 2 2
Penalty Kill 4 Players Defense
Defense Defense Time % Phy DF OF
1 Jacob Trouba Brandon Carlo 50 1 2 2
2 David Savard Evan Bouchard 50 1 2 2
Penalty Kill - 3 Players Forward
Forward Time % Phy DF OF
1 Adrian Kempe 50 1 2 2
2 Brock Boeser 50 1 2 2
Penalty Kill - 3 Players Defense
Defense Defense Time % Phy DF OF
1 Luke Hughes Brandon Carlo 50 1 2 2
2 David Savard Evan Bouchard 50 1 2 2
4 vs 4 Forward
Center Wing Time % Phy DF OF
1 Adrian Kempe Brock Boeser 50 1 2 2
2 Jake DeBrusk Dylan Holloway 50 1 2 2
4 vs 4 Defense
Defense Defense Time % Phy DF OF
1 Brett Pesce Brandon Carlo 50 1 2 2
2 David Savard Evan Bouchard 50 1 2 2
Last Minutes Offensive
Center Left Wing Right Wing Defense Defense
Ryan McLeod Adrian Kempe Brock Boeser Jacob Trouba Brandon Carlo
Last Minutes Defensive
Center Left Wing Right Wing Defense Defense
Ryan McLeod Adrian Kempe Brock Boeser Jacob Trouba Brandon Carlo
Goaltenders
Starting : Juuse Saros
Backup : Karel Vejmelka
Extra Forwards
Normal : Morgan Barron, David Perron, Corey Perry - PP : Morgan Barron, David Perron - PK : Corey Perry
Extra Defensemen
Normal : Luke Hughes, Brett Pesce, David Savard - PP : Luke Hughes - PK : Brett Pesce, David Savard
Penalty Shots
Adrian Kempe, Brock Boeser, Jake DeBrusk, Dylan Holloway, Ryan McLeod
Scratches
Troy Stecher (Healthy), Derek Ryan (Healthy), Jeff Carter (Healthy), Scott Mayfield (Healthy), Jonathan Quick (Healthy)
% Time on Ice - Tampa Bay Lightning
Lines # - Real PCT - Wanted PCT - Time Play
Normal Forward
1 - 27% - 30% - 12:37
2 - 27% - 30% - 12:34
3 - 27% - 30% - 12:34
4 - 19% - 10% - 8:47
Normal Defense
1 - 34% - 35% - 15:42
2 - 38% - 35% - 17:45
3 - 28% - 30% - 13:05
4 - 0% - 0% - 0:00
PP Forward
1 - 51% - 50% - 3:51
2 - 49% - 50% - 3:40
PP Defense
1 - 53% - 50% - 3:57
2 - 47% - 50% - 3:34
PK Forward
1 - 51% - 50% - 3:01
2 - 49% - 50% - 2:56
PK Defense
1 - 62% - 50% - 3:40
2 - 38% - 50% - 2:17
PK3 Forward
1 - 0% - 50%
2 - 0% - 50%
PK3 Defense
1 - 0% - 50%
2 - 0% - 50%
44 Forward
1 - 0% - 50%
2 - 0% - 50%
44 Defense
1 - 0% - 50%
2 - 0% - 50%
Last Minute Offensive - 0:00
Last Minute Defensive - 0:00
Total
Forward - 60:00
Defense - 60:00
|
% Time on Ice - Edmonton Oilers
Lines # - Real PCT - Wanted PCT - Time Play
Normal Forward
1 - 27% - 30% - 12:45
2 - 27% - 30% - 12:44
3 - 24% - 25% - 11:02
4 - 22% - 15% - 10:01
Normal Defense
1 - 28% - 30% - 12:58
2 - 31% - 30% - 14:23
3 - 30% - 25% - 13:46
4 - 12% - 15% - 5:25
PP Forward
1 - 43% - 50% - 2:34
2 - 57% - 50% - 3:23
PP Defense
1 - 52% - 50% - 3:06
2 - 48% - 50% - 2:51
PK Forward
1 - 51% - 50% - 3:48
2 - 49% - 50% - 3:43
PK Defense
1 - 51% - 50% - 3:52
2 - 49% - 50% - 3:39
PK3 Forward
1 - 0% - 50%
2 - 0% - 50%
PK3 Defense
1 - 0% - 50%
2 - 0% - 50%
44 Forward
1 - 0% - 50%
2 - 0% - 50%
44 Defense
1 - 0% - 50%
2 - 0% - 50%
Last Minute Offensive - 0:00
Last Minute Defensive - 0:00
Total
Forward - 60:00
Defense - 60:00
|
Play-by-Play
1st period
0:01 of 1st period - Roope Hintz wins face-off versus Ryan McLeod in neutral zone.
0:10 of 1st period - Slapshot by Roope Hintz.
0:10 of 1st period - Shot Misses the Net.
0:12 of 1st period - Wrist shot by Moritz Seider.
0:12 of 1st period - Stopped by Juuse Saros with a rebound.
0:14 of 1st period - Wrist shot by Darnell Nurse.
0:14 of 1st period - Deflect By Roope Hintz.
0:14 of 1st period - Stopped by Juuse Saros with a rebound.
0:26 of 1st period - Darnell Nurse is hit by Brandon Carlo and loses puck.
0:42 of 1st period - Minor Penalty to Jacob Trouba for Tripping.
0:43 of 1st period - Claude Giroux wins face-off versus Adrian Kempe in Edmonton Oilers zone.
0:48 of 1st period - Backhand shot by Kirill Kaprizov.
0:48 of 1st period - Shot Misses the Net.
2:42 of 1st period - Penalty to Jacob Trouba is over, Jacob Trouba is back on ice.
3:13 of 1st period - Ben Chiarot is hit by Dylan Holloway.
4:27 of 1st period - Kirill Kaprizov is hit by Dawson Mercer.
4:31 of 1st period - Jamie Benn is hit by David Savard and loses puck.
4:49 of 1st period - Adrian Kempe is hit by Dylan Cozens and loses puck.
5:08 of 1st period - Jacob Trouba is hit by Jason Dickinson and loses puck.
5:52 of 1st period - Slapshot by Brock Boeser.
5:52 of 1st period - Shot Blocked by Moritz Seider.
6:04 of 1st period - Claude Giroux is hit by Dylan Holloway and loses puck.
6:24 of 1st period - Snap shot by Tanner Jeannot.
6:24 of 1st period - Stopped by Jeremy Swayman without a rebound.
6:25 of 1st period - Tanner Jeannot wins face-off versus Anze Kopitar in Tampa Bay Lightning zone.
6:42 of 1st period - Corey Perry is hit by Anze Kopitar and loses puck.
6:55 of 1st period - Hampus Lindholm is hit by Adrian Kempe and loses puck.
7:02 of 1st period - Dmitry Orlov is hit by Jacob Trouba and loses puck.
7:29 of 1st period - Boone Jenner is hit by Ben Chiarot and loses puck.
7:43 of 1st period - Icing by Brett Pesce.
7:44 of 1st period - Jason Dickinson wins face-off versus Boone Jenner in Edmonton Oilers zone.
7:51 of 1st period - Jake DeBrusk is hit by Filip Forsberg and loses puck.
7:58 of 1st period - Snap shot by Filip Forsberg.
7:58 of 1st period - Shot Misses the Net.
8:00 of 1st period - Slapshot by Michael Matheson.
8:00 of 1st period - Deflect By Jonathan Huberdeau.
8:00 of 1st period - Stopped by Juuse Saros with a rebound.
8:42 of 1st period - Slapshot by Drake Caggiula.
8:42 of 1st period - Shot Blocked by Ben Chiarot.
8:56 of 1st period - Wrist shot by Brock Boeser.
8:56 of 1st period - Deflect By Adrian Kempe.
8:56 of 1st period - Stopped by Jeremy Swayman with a rebound.
8:58 of 1st period - Snap shot by Adrian Kempe.
8:58 of 1st period - Stopped by Jeremy Swayman without a rebound.
8:59 of 1st period - Ryan McLeod wins face-off versus Roope Hintz in Tampa Bay Lightning zone.
9:00 of 1st period - Snap shot by Adrian Kempe.
9:00 of 1st period - Stopped by Jeremy Swayman with a rebound.
9:02 of 1st period - Snap shot by Adrian Kempe.
9:02 of 1st period - Stopped by Jeremy Swayman without a rebound.
9:03 of 1st period - Roope Hintz wins face-off versus Morgan Barron in Tampa Bay Lightning zone.
9:03 of 1st period - Roope Hintz is hit by Morgan Barron.
9:09 of 1st period - Brandon Carlo is hit by Dylan Cozens.
9:13 of 1st period - Snap shot by Roope Hintz.
9:13 of 1st period - Stopped by Juuse Saros without a rebound.
9:14 of 1st period - Ryan McLeod wins face-off versus Anze Kopitar in Edmonton Oilers zone.
9:50 of 1st period - Wrist shot by Travis Konecny.
9:50 of 1st period - Shot Misses the Net.
9:52 of 1st period - Snap shot by Travis Konecny.
9:52 of 1st period - Deflect By Roope Hintz.
9:52 of 1st period - Deflect By Evan Bouchard.
9:52 of 1st period - Shot Misses the Net.
9:52 of 1st period - Puck is out of play.
9:53 of 1st period - Anze Kopitar wins face-off versus Ryan McLeod in Edmonton Oilers zone.
9:54 of 1st period - Wrist shot by Jonathan Huberdeau.
9:54 of 1st period - Stopped by Juuse Saros without a rebound.
9:55 of 1st period - Ryan McLeod wins face-off versus Anze Kopitar in Edmonton Oilers zone.
10:36 of 1st period - Snap shot by Claude Giroux.
10:36 of 1st period - Stopped by Juuse Saros with a rebound.
11:50 of 1st period - Dawson Mercer is hit by Claude Giroux and loses puck.
12:13 of 1st period - Slapshot by Dylan Holloway.
12:13 of 1st period - Shot Misses the Net.
12:15 of 1st period - Wrist shot by Dylan Holloway.
12:15 of 1st period - Stopped by Jeremy Swayman without a rebound.
12:16 of 1st period - Morgan Barron wins face-off versus Roope Hintz in Tampa Bay Lightning zone.
13:10 of 1st period - Wrist shot by Jake DeBrusk.
13:10 of 1st period - Shot Blocked by Gustav Nyquist.
13:12 of 1st period - Slapshot by Boone Jenner.
13:12 of 1st period - Goal by Boone Jenner - Tampa Bay Lightning : 0 - Edmonton Oilers : 1.
13:13 of 1st period - Roope Hintz wins face-off versus Ryan McLeod in neutral zone.
13:15 of 1st period - Off-side.
13:16 of 1st period - Roope Hintz wins face-off versus Ryan McLeod in neutral zone.
14:03 of 1st period - Snap shot by Jake DeBrusk.
14:03 of 1st period - Stopped by Jeremy Swayman with a rebound.
14:05 of 1st period - Wrist shot by Jacob Trouba.
14:05 of 1st period - Stopped by Jeremy Swayman with a rebound.
14:07 of 1st period - Slapshot by Jacob Trouba.
14:07 of 1st period - Shot Blocked by Filip Forsberg.
14:09 of 1st period - Slapshot by Brandon Carlo.
14:09 of 1st period - Shot Blocked by Ben Chiarot.
14:11 of 1st period - Snap shot by David Perron.
14:11 of 1st period - Stopped by Jeremy Swayman without a rebound.
14:12 of 1st period - Morgan Barron wins face-off versus Dylan Cozens in Tampa Bay Lightning zone.
14:19 of 1st period - Wrist shot by Morgan Barron.
14:19 of 1st period - Shot Misses the Net.
14:35 of 1st period - Minor Penalty to Evan Bouchard for Interference.
14:36 of 1st period - Anze Kopitar wins face-off versus Jake DeBrusk in Edmonton Oilers zone.
16:35 of 1st period - Penalty to Evan Bouchard is over, Evan Bouchard is back on ice.
16:41 of 1st period - Wrist shot by Drake Caggiula.
16:41 of 1st period - Stopped by Jeremy Swayman with a rebound.
16:43 of 1st period - Slapshot by David Savard.
16:43 of 1st period - Stopped by Jeremy Swayman with a rebound.
16:45 of 1st period - Snap shot by Corey Perry.
16:45 of 1st period - Stopped by Jeremy Swayman with a rebound.
16:47 of 1st period - Slapshot by David Savard.
16:47 of 1st period - Stopped by Jeremy Swayman with a rebound.
16:49 of 1st period - Slapshot by Luke Hughes.
16:49 of 1st period - Deflect By Gustav Nyquist.
16:49 of 1st period - Stopped by Jeremy Swayman without a rebound.
16:50 of 1st period - Corey Perry wins face-off versus Jason Dickinson in Tampa Bay Lightning zone.
17:32 of 1st period - Snap shot by Gustav Nyquist.
17:32 of 1st period - Stopped by Juuse Saros without a rebound.
17:33 of 1st period - Anze Kopitar wins face-off versus Ryan McLeod in Edmonton Oilers zone.
17:42 of 1st period - Slapshot by Brock Boeser.
17:42 of 1st period - Stopped by Jeremy Swayman with a rebound.
18:27 of 1st period - Travis Konecny is hit by Jacob Trouba and loses puck.
18:34 of 1st period - Snap shot by Morgan Barron.
18:34 of 1st period - Stopped by Jeremy Swayman with a rebound.
18:36 of 1st period - Snap shot by Dylan Holloway.
18:36 of 1st period - Stopped by Jeremy Swayman with a rebound.
19:33 of 1st period - Backhand shot by Gustav Nyquist.
19:33 of 1st period - Stopped by Juuse Saros with a rebound.
19:35 of 1st period - Slapshot by Trevor Moore.
19:35 of 1st period - Shot Blocked by Dawson Mercer.
19:37 of 1st period - Snap shot by Jason Dickinson.
19:37 of 1st period - Shot Blocked by Brett Pesce.
19:51 of 1st period - Snap shot by Dylan Holloway.
19:51 of 1st period - Deflect By David Perron.
19:51 of 1st period - Shot Misses the Net.
19:51 of 1st period - Puck is out of play.
19:52 of 1st period - Anze Kopitar wins face-off versus Dylan Holloway in Tampa Bay Lightning zone.
19:57 of 1st period - Slapshot by Filip Forsberg.
19:57 of 1st period - Stopped by Juuse Saros with a rebound.
19:59 of 1st period - Slapshot by Darnell Nurse.
19:59 of 1st period - Stopped by Juuse Saros with a rebound.
Goals for this period are 0 for Tampa Bay Lightning vs 1 for Edmonton Oilers.
Shots for this period are 10 for Tampa Bay Lightning vs 18 for Edmonton Oilers.
2nd period
0:01 of 2nd period - Roope Hintz wins face-off versus Ryan McLeod in neutral zone.
0:16 of 2nd period - Wrist shot by Adrian Kempe.
0:16 of 2nd period - Stopped by Jeremy Swayman with a rebound.
0:51 of 2nd period - Slapshot by Evan Bouchard.
0:51 of 2nd period - Deflect By Dylan Holloway.
0:51 of 2nd period - Stopped by Jeremy Swayman without a rebound.
0:52 of 2nd period - Ryan McLeod wins face-off versus Anze Kopitar in Tampa Bay Lightning zone.
1:03 of 2nd period - Wrist shot by Ryan McLeod.
1:03 of 2nd period - Stopped by Jeremy Swayman with a rebound.
1:26 of 2nd period - Snap shot by Jake DeBrusk.
1:26 of 2nd period - Shot Misses the Net.
1:31 of 2nd period - Icing by Travis Konecny.
1:32 of 2nd period - Ryan McLeod wins face-off versus Roope Hintz in Tampa Bay Lightning zone.
2:04 of 2nd period - Backhand shot by Roope Hintz.
2:04 of 2nd period - Stopped by Juuse Saros with a rebound.
2:06 of 2nd period - Wrist shot by Dmitry Orlov.
2:06 of 2nd period - Shot Misses the Net.
2:08 of 2nd period - Snap shot by Roope Hintz.
2:08 of 2nd period - Stopped by Juuse Saros with a rebound.
2:10 of 2nd period - Slapshot by Dmitry Orlov.
2:10 of 2nd period - Stopped by Juuse Saros with a rebound.
2:12 of 2nd period - Slapshot by Dmitry Orlov.
2:12 of 2nd period - Shot Blocked by Jacob Trouba.
2:14 of 2nd period - Wrist shot by Travis Konecny.
2:14 of 2nd period - Shot Blocked by Jacob Trouba.
2:16 of 2nd period - Snap shot by Dmitry Orlov.
2:16 of 2nd period - Deflect By Roope Hintz.
2:16 of 2nd period - Stopped by Juuse Saros without a rebound.
2:17 of 2nd period - Dawson Mercer wins face-off versus Jamie Benn in Edmonton Oilers zone.
2:30 of 2nd period - Slapshot by Jake DeBrusk.
2:30 of 2nd period - Deflect By Boone Jenner.
2:30 of 2nd period - Shot Misses the Net.
2:30 of 2nd period - Puck is out of play.
2:31 of 2nd period - Ryan McLeod wins face-off versus Filip Forsberg in Tampa Bay Lightning zone.
2:44 of 2nd period - Slapshot by Adrian Kempe.
2:44 of 2nd period - Shot Misses the Net.
2:46 of 2nd period - Slapshot by Adrian Kempe.
2:46 of 2nd period - Shot Blocked by Darnell Nurse.
2:48 of 2nd period - Slapshot by Evan Bouchard.
2:48 of 2nd period - Deflect By Brock Boeser.
2:48 of 2nd period - Goal by Brock Boeser - Tampa Bay Lightning : 0 - Edmonton Oilers : 2.
2:49 of 2nd period - Claude Giroux wins face-off versus Boone Jenner in neutral zone.
3:15 of 2nd period - Filip Forsberg is hit by Adrian Kempe and loses puck.
3:27 of 2nd period - Brock Boeser is hit by Filip Forsberg.
4:07 of 2nd period - Snap shot by Trevor Moore.
4:07 of 2nd period - Shot Blocked by Drake Caggiula.
4:09 of 2nd period - Wrist shot by Gustav Nyquist.
4:09 of 2nd period - Goal by Gustav Nyquist - Tampa Bay Lightning : 1 - Edmonton Oilers : 2.
4:10 of 2nd period - Boone Jenner wins face-off versus Claude Giroux in neutral zone.
4:15 of 2nd period - Wrist shot by Jake DeBrusk.
4:15 of 2nd period - Stopped by Jeremy Swayman with a rebound.
4:37 of 2nd period - Filip Forsberg is hit by Brandon Carlo and loses puck.
5:28 of 2nd period - Hampus Lindholm is hit by Brett Pesce and loses puck.
5:42 of 2nd period - Off-side.
5:43 of 2nd period - Claude Giroux wins face-off versus Dawson Mercer in neutral zone.
5:46 of 2nd period - Snap shot by Jamie Benn.
5:46 of 2nd period - Stopped by Juuse Saros with a rebound.
5:48 of 2nd period - Snap shot by Kirill Kaprizov.
5:48 of 2nd period - Shot Misses the Net.
5:50 of 2nd period - Slapshot by Moritz Seider.
5:50 of 2nd period - Shot Blocked by Dawson Mercer.
5:52 of 2nd period - Snap shot by Jamie Benn.
5:52 of 2nd period - Stopped by Juuse Saros without a rebound.
5:53 of 2nd period - Ryan McLeod wins face-off versus Claude Giroux in Edmonton Oilers zone.
5:58 of 2nd period - Slapshot by Evan Bouchard.
5:58 of 2nd period - Shot Blocked by Kirill Kaprizov.
6:00 of 2nd period - Wrist shot by Adrian Kempe.
6:00 of 2nd period - Goal by Adrian Kempe - Tampa Bay Lightning : 1 - Edmonton Oilers : 3.
6:01 of 2nd period - Anze Kopitar wins face-off versus Boone Jenner in neutral zone.
6:14 of 2nd period - Slapshot by Filip Forsberg.
6:14 of 2nd period - Stopped by Juuse Saros with a rebound.
6:16 of 2nd period - Snap shot by Filip Forsberg.
6:16 of 2nd period - Stopped by Juuse Saros without a rebound.
6:17 of 2nd period - Ryan McLeod wins face-off versus Claude Giroux in Edmonton Oilers zone.
6:45 of 2nd period - Icing by Moritz Seider.
6:46 of 2nd period - Morgan Barron wins face-off versus Anze Kopitar in Tampa Bay Lightning zone.
7:13 of 2nd period - Wrist shot by Roope Hintz.
7:13 of 2nd period - Stopped by Juuse Saros with a rebound.
7:15 of 2nd period - Slapshot by Moritz Seider.
7:15 of 2nd period - Stopped by Juuse Saros with a rebound.
7:17 of 2nd period - Backhand shot by Darnell Nurse.
7:17 of 2nd period - Shot Misses the Net.
7:39 of 2nd period - Wrist shot by Tanner Jeannot.
7:39 of 2nd period - Goal by Tanner Jeannot - Tampa Bay Lightning : 1 - Edmonton Oilers : 4.
7:40 of 2nd period - Claude Giroux wins face-off versus Ryan McLeod in neutral zone.
7:43 of 2nd period - Brandon Carlo is hit by Kirill Kaprizov and loses puck.
8:10 of 2nd period - Wrist shot by Jake DeBrusk.
8:10 of 2nd period - Stopped by Jeremy Swayman with a rebound.
9:31 of 2nd period - Slapshot by Claude Giroux.
9:31 of 2nd period - Stopped by Juuse Saros with a rebound.
10:20 of 2nd period - Corey Perry is hit by Kirill Kaprizov and loses puck.
11:05 of 2nd period - Moritz Seider is hit by Jake DeBrusk and loses puck.
11:47 of 2nd period - Snap shot by Kirill Kaprizov.
11:47 of 2nd period - Shot Misses the Net.
12:15 of 2nd period - Evan Bouchard is hit by Roope Hintz and loses puck.
12:22 of 2nd period - Drake Caggiula is hit by Dylan Cozens.
12:36 of 2nd period - Snap shot by Adrian Kempe.
12:36 of 2nd period - Stopped by Jeremy Swayman with a rebound.
12:38 of 2nd period - Wrist shot by Brock Boeser.
12:38 of 2nd period - Goal by Brock Boeser - Tampa Bay Lightning : 1 - Edmonton Oilers : 5.
12:39 of 2nd period - Ryan McLeod wins face-off versus Claude Giroux in neutral zone.
12:42 of 2nd period - Slapshot by Adrian Kempe.
12:42 of 2nd period - Shot Misses the Net.
12:49 of 2nd period - Slapshot by Jacob Trouba.
12:49 of 2nd period - Shot Misses the Net.
12:54 of 2nd period - Minor Penalty to Jamie Benn for Hooking.
12:55 of 2nd period - Ryan McLeod wins face-off versus Anze Kopitar in Tampa Bay Lightning zone.
13:47 of 2nd period - Snap shot by Brock Boeser.
13:47 of 2nd period - Stopped by Jeremy Swayman with a rebound.
14:35 of 2nd period - Jason Dickinson is hit by Jake DeBrusk and loses puck.
14:54 of 2nd period - Penalty to Jamie Benn is over, Jamie Benn is back on ice.
15:02 of 2nd period - David Perron is hit by Dmitry Orlov and loses puck.
15:38 of 2nd period - Wrist shot by Morgan Barron.
15:38 of 2nd period - Stopped by Jeremy Swayman without a rebound.
15:39 of 2nd period - Tanner Jeannot wins face-off versus Travis Konecny in Tampa Bay Lightning zone.
16:04 of 2nd period - Jacob Trouba is hit by Anze Kopitar and loses puck.
17:01 of 2nd period - Wrist shot by Dylan Holloway.
17:01 of 2nd period - Deflect By Morgan Barron.
17:01 of 2nd period - Shot Blocked by Moritz Seider.
17:01 of 2nd period - Puck is out of play.
17:02 of 2nd period - Morgan Barron wins face-off versus Roope Hintz in Tampa Bay Lightning zone.
17:07 of 2nd period - Wrist shot by Dylan Holloway.
17:07 of 2nd period - Stopped by Jeremy Swayman with a rebound.
17:12 of 2nd period - Off-side.
17:13 of 2nd period - Anze Kopitar wins face-off versus Boone Jenner in neutral zone.
17:22 of 2nd period - Jonathan Huberdeau is hit by Boone Jenner and loses puck.
17:56 of 2nd period - Wrist shot by Filip Forsberg.
17:56 of 2nd period - Shot Misses the Net.
18:06 of 2nd period - Brandon Carlo is hit by Moritz Seider and loses puck.
18:15 of 2nd period - Slapshot by Jonathan Huberdeau.
18:15 of 2nd period - Stopped by Juuse Saros without a rebound.
18:16 of 2nd period - Claude Giroux wins face-off versus Ryan McLeod in Edmonton Oilers zone.
18:23 of 2nd period - Backhand shot by Kirill Kaprizov.
18:23 of 2nd period - Stopped by Juuse Saros with a rebound.
18:25 of 2nd period - Snap shot by Kirill Kaprizov.
18:25 of 2nd period - Shot Misses the Net.
18:27 of 2nd period - Slapshot by Dmitry Orlov.
18:27 of 2nd period - Shot Blocked by Brock Boeser.
18:29 of 2nd period - Snap shot by Kirill Kaprizov.
18:29 of 2nd period - Deflect By Claude Giroux.
18:29 of 2nd period - Stopped by Juuse Saros without a rebound.
18:30 of 2nd period - Roope Hintz wins face-off versus Boone Jenner in Edmonton Oilers zone.
18:33 of 2nd period - Snap shot by Travis Konecny.
18:33 of 2nd period - Shot Misses the Net.
18:35 of 2nd period - Slapshot by Ben Chiarot.
18:35 of 2nd period - Stopped by Juuse Saros without a rebound.
18:36 of 2nd period - Roope Hintz wins face-off versus Boone Jenner in Edmonton Oilers zone.
18:39 of 2nd period - Snap shot by Travis Konecny.
18:39 of 2nd period - Deflect By Roope Hintz.
18:39 of 2nd period - Shot Misses the Net.
18:39 of 2nd period - Puck is out of play.
18:40 of 2nd period - Boone Jenner wins face-off versus Roope Hintz in Edmonton Oilers zone.
18:42 of 2nd period - Minor Penalty to David Savard for Tripping.
18:43 of 2nd period - Claude Giroux wins face-off versus Dylan Holloway in Edmonton Oilers zone.
18:53 of 2nd period - Slapshot by Filip Forsberg.
18:53 of 2nd period - Goal by Filip Forsberg - Tampa Bay Lightning : 2 - Edmonton Oilers : 5.
18:54 of 2nd period - Ryan McLeod wins face-off versus Claude Giroux in neutral zone.
19:09 of 2nd period - Wrist shot by Brock Boeser.
19:09 of 2nd period - Shot Misses the Net.
19:11 of 2nd period - Minor Penalty to Darnell Nurse for Delaying the game.
19:12 of 2nd period - Claude Giroux wins face-off versus Boone Jenner in Tampa Bay Lightning zone.
Goals for this period are 2 for Tampa Bay Lightning vs 4 for Edmonton Oilers.
Shots for this period are 17 for Tampa Bay Lightning vs 13 for Edmonton Oilers.
3rd period
0:01 of 3rd period - Ryan McLeod wins face-off versus Claude Giroux in neutral zone.
1:11 of 3rd period - Penalty to Darnell Nurse is over, Darnell Nurse is back on ice.
1:44 of 3rd period - Snap shot by Corey Perry.
1:44 of 3rd period - Stopped by Jeremy Swayman with a rebound.
2:00 of 3rd period - Wrist shot by Anze Kopitar.
2:00 of 3rd period - Stopped by Juuse Saros without a rebound.
2:01 of 3rd period - Roope Hintz wins face-off versus Ryan McLeod in Edmonton Oilers zone.
2:02 of 3rd period - Snap shot by Travis Konecny.
2:02 of 3rd period - Stopped by Juuse Saros with a rebound.
2:28 of 3rd period - Jake DeBrusk is hit by Ben Chiarot.
2:50 of 3rd period - Wrist shot by Evan Bouchard.
2:50 of 3rd period - Stopped by Jeremy Swayman with a rebound.
2:52 of 3rd period - Wrist shot by Morgan Barron.
2:52 of 3rd period - Shot Hit the Post.
2:54 of 3rd period - Snap shot by Dylan Holloway.
2:54 of 3rd period - Stopped by Jeremy Swayman with a rebound.
2:56 of 3rd period - Wrist shot by Morgan Barron.
2:56 of 3rd period - Shot Blocked by Moritz Seider.
2:58 of 3rd period - Snap shot by David Perron.
2:58 of 3rd period - Shot Misses the Net.
3:36 of 3rd period - Evan Bouchard is hit by Ben Chiarot and loses puck.
3:56 of 3rd period - Minor Penalty to Ben Chiarot for Cross-checking.
3:57 of 3rd period - Claude Giroux wins face-off versus Ryan McLeod in Tampa Bay Lightning zone.
4:10 of 3rd period - Ryan McLeod is hit by Jason Dickinson and loses puck.
4:34 of 3rd period - Wrist shot by Claude Giroux.
4:34 of 3rd period - Shot Blocked by Jake DeBrusk.
5:56 of 3rd period - Penalty to Ben Chiarot is over, Ben Chiarot is back on ice.
6:04 of 3rd period - Dylan Holloway is hit by Travis Konecny and loses puck.
6:29 of 3rd period - Corey Perry is hit by Jonathan Huberdeau and loses puck.
6:42 of 3rd period - Moritz Seider is hit by Dylan Holloway.
7:30 of 3rd period - Minor Penalty to Drake Caggiula for Interference.
7:31 of 3rd period - Adrian Kempe wins face-off versus Claude Giroux in Edmonton Oilers zone.
9:30 of 3rd period - Penalty to Drake Caggiula is over, Drake Caggiula is back on ice.
11:07 of 3rd period - Wrist shot by Boone Jenner.
11:07 of 3rd period - Stopped by Jeremy Swayman with a rebound.
13:05 of 3rd period - Boone Jenner is hit by Ben Chiarot and loses puck.
13:32 of 3rd period - Slapshot by Michael Matheson.
13:32 of 3rd period - Shot Misses the Net.
13:46 of 3rd period - Kirill Kaprizov is hit by Morgan Barron and loses puck.
14:38 of 3rd period - Jason Dickinson is hit by Jacob Trouba and loses puck.
15:16 of 3rd period - Snap shot by Morgan Barron.
15:16 of 3rd period - Stopped by Jeremy Swayman with a rebound.
16:14 of 3rd period - Snap shot by Tanner Jeannot.
16:14 of 3rd period - Shot Misses the Net.
16:16 of 3rd period - Slapshot by Drake Caggiula.
16:16 of 3rd period - Deflect By Tanner Jeannot.
16:16 of 3rd period - Shot Blocked by Moritz Seider.
16:16 of 3rd period - Puck is out of play.
16:17 of 3rd period - Anze Kopitar wins face-off versus Ryan McLeod in Tampa Bay Lightning zone.
16:30 of 3rd period - Wrist shot by Adrian Kempe.
16:30 of 3rd period - Stopped by Jeremy Swayman without a rebound.
16:31 of 3rd period - Claude Giroux wins face-off versus Boone Jenner in Tampa Bay Lightning zone.
16:31 of 3rd period - Claude Giroux is hit by Jake DeBrusk.
17:01 of 3rd period - Snap shot by Roope Hintz.
17:01 of 3rd period - Deflect By Dylan Cozens.
17:01 of 3rd period - Stopped by Juuse Saros with a rebound.
17:31 of 3rd period - Snap shot by Dylan Holloway.
17:31 of 3rd period - Shot Blocked by Moritz Seider.
17:43 of 3rd period - Darnell Nurse is hit by Jake DeBrusk and loses puck.
17:50 of 3rd period - Slapshot by Gustav Nyquist.
17:50 of 3rd period - Shot Misses the Net.
18:04 of 3rd period - Snap shot by Claude Giroux.
18:04 of 3rd period - Stopped by Juuse Saros with a rebound.
18:36 of 3rd period - Minor Penalty to David Savard for High sticking.
18:37 of 3rd period - Adrian Kempe wins face-off versus Anze Kopitar in Edmonton Oilers zone.
19:04 of 3rd period - Michael Matheson is hit by Evan Bouchard and loses puck.
Goals for this period are 0 for Tampa Bay Lightning vs 0 for Edmonton Oilers.
Shots for this period are 4 for Tampa Bay Lightning vs 6 for Edmonton Oilers.
Back to the Top